 Dungeon Crawl Stone Soup version 0.19-a0-347-g6bb00b2 (webtiles) character file.

174 ShiverMeTomatoes the Skirmisher (level 5, 0/47 HPs)
             Began as a Hill Orc Berserker on May 29, 2016.
             Was a Believer of Trog.
             Succumbed to an adder's poison
             ... on level 3 of the Dungeon.
             The game lasted 00:18:33 (2705 turns).

ShiverMeTomatoes the Skirmisher (HOBe)              Turns: 2705, Time: 00:18:34

Health: 0/47       AC:  7    Str: 20    XL:     5   Next: 54%
Magic:  5/5        EV: 11    Int:  8    God:    Trog [**....]
Gold:   117        SH:  3    Dex: 10    Spells: 0 memorised, 4 levels left

rFire  . . .     SeeInvis .     k - +1 short sword (freeze)
rCold  . . .     Gourm    .     w - +0 ring mail
rNeg   . . .     Faith    .     x - +0 buckler
rPois  .         Spirit   .     s - +1 helmet
rElec  .         Dismiss  .     (no cloak)
rCorr  .         Reflect  .     (no gloves)
SustAt .         Harm     .     (no boots)
MR     .....                    (no amulet)
Stlth  +.........               (no ring)
                                (no ring)

@: lethally poisoned (0 -> -3), not resistant to hostile enchantments, very
unstealthy
A: no striking features
a: Berserk, Trog's Hand, Burn Spellbooks, Renounce Religion


You were on level 3 of the Dungeon.
You worshipped Trog.
Trog was pleased with you.
You were hungry.

You visited 1 branch of the dungeon, and saw 3 of its levels.

You collected 117 gold pieces.

Inventory:

Hand Weapons
 a - a +0 falchion
 h - a +0 dagger
 i - a cursed -2 dagger
 j - a +0 hand axe
 k - a +1 short sword of freezing (weapon)
 y - a +0 hunting sling
Missiles
 e - 134 stones (quivered)
 l - 48 bolts
 m - 19 sling bullets
Armour
 b - a +0 animal skin
 g - a +0 robe
 r - a +0 naga barding
 s - a +1 helmet (worn)
 w - a +0 ring mail (worn)
 x - a +0 buckler (worn)
Scrolls
 d - a scroll of remove curse
 p - a scroll of random uselessness
 z - a scroll of amnesia
Comestibles
 c - 2 bread rations
 f - 2 meat rations
 n - a beef jerky


   Skills:
 + Level 4.3 Fighting
 + Level 1.0(2.3) Short Blades
 + Level 3.7(3.8) Long Blades
 + Level 2.9 Armour
 + Level 3.2 Dodging
 + Level 1.0 Stealth
 + Level 0.2 Shields


You had 4 spell levels left.
You didn't know any spells.

Dungeon Overview and Level Annotations

Branches:
Dungeon (3/15)

Altars:


Message History

* * * LOW HITPOINT WARNING * * *
You are more poisoned.
The adder poisons you! The goblin hits you with a dagger.
* * * LOW HITPOINT WARNING * * *
You hit the adder. You freeze the adder.
The adder is severely wounded.
The adder bites you but does no damage. The goblin barely misses you.
The adder bites you but does no damage.
You completely miss the adder.
The adder is severely wounded.
* * * LOW HITPOINT WARNING * * *
You feel sick. The goblin closely misses you. The adder bites you.
* * * LOW HITPOINT WARNING * * *
You hit the adder.
The adder seems to slow down.
You freeze the adder.
You kill the adder!
Trog accepts your kill.
You are feeling hungry.
The goblin hits you but does no damage.
A jackal comes into view.
You die...

#######
#######.....#
#.....g@....#
#...........#
#.....%.....###
#.............#
..............#
.......†......#
.####.h.......#
#...#######
#...#


You could see a jackal (wandering) and a goblin.

Vanquished Creatures
  An orc priest (D:3)
  An orc wizard (D:3)
  6 adders
  An ooze (D:1)
  2 worms (D:3)
  2 dart slugs (D:2)
  2 giant geckos (D:2)
  3 orcs (D:3)
  3 ball pythons
  3 bats
  3 giant cockroaches
  7 goblins
  6 hobgoblins
  2 jackals (D:1)
  3 giant newts
  2 kobolds (D:1)
  A rat (D:2)
  3 bushes (D:2)
  2 plants (D:2)
53 creatures vanquished.

Notes
Turn   | Place    | Note
--------------------------------------------------------------
     0 | D:1      | ShiverMeTomatoes the Hill Orc Berserker began the quest for the Orb.
     0 | D:1      | Reached XP level 1. HP: 19/19 MP: 1/1
   343 | D:1      | Reached XP level 2. HP: 27/27 MP: 2/2
  1133 | D:1      | Reached ** piety under Trog
  1182 | D:1      | Reached XP level 3. HP: 30/33 MP: 3/3
  1506 | D:2      | Reached skill level 4 in Fighting
  2425 | D:3      | Reached XP level 4. HP: 38/40 MP: 4/4
  2527 | D:3      | Reached XP level 5. HP: 6/46 MP: 5/5
  2634 | D:3      | Reached skill level 1 in Short Blades
  2634 | D:3      | Reached skill level 1 in Stealth
  2701 | D:3      | HP: 2/47 [goblin/dagger (3)]
  2705 | D:3      | Succumbed to an adder's poison

Vault maps used:
D:1:      lightli_arrival_quake
D:2:      serial_forest, infiniplex_forest_split, infiniplex_forest_clump_tiny,
          infiniplex_forest_3_way, infiniplex_forest_clump_large,
          infiniplex_forest_clump_tiny, infiniplex_forest_lined_room_

Skill      XL: |  1  2  3  4  5 |
---------------+----------------+-----
Dodging        | 2 3 |  3.2
Fighting       | 4 |  4.3
Short Blades   | 1 |  1.0
Stealth        | 1 |  1.0
Long Blades    | |  3.7
Armour         | |  2.9
Shields        | |  0.2

Action                   |  1- 3 |  4- 6 || total
-------------------------+-------+-------++-------
Melee: Falchion          |    16 |       ||    16
       Short sword       |   507 |    73 ||   580
  Use: Scroll            |    10 |     1 ||    11
       Potion            |       |     7 ||     7
 Stab: Invisible         |       |     1 ||     1
  Eat: Meat ration       |     1 |       ||     1
       Fruit             |       |     2 ||     2
Armor: Animal skin       |    22 |       ||    22
       Ring mail         |    12 |    37 ||    49
       Robe              |     5 |       ||     5
Dodge: Dodged            |    86 |    50 ||   136
Block: Buckler           |     3 |     8 ||    11
